 Dungeon Crawl Stone Soup version 0.28.0-55-gcd9437bce4 (webtiles) character file.

Game seed: 8594896151774983149

2678 tkbsonic5 the Skirmisher (level 9, -2/78 HPs)
             Began as a Hill Orc Fire Elementalist on Dec 18, 2022.
             Was a Believer of Kikubaaqudgha.
             Slain by a yak (14 damage)
             ... on level 7 of the Dungeon.
             The game lasted 00:38:08 (9525 turns).

tkbsonic5 the Skirmisher (HOFE)                     Turns: 9525, Time: 00:38:09

Health: -2/78      AC:  9    Str: 11    XL:     9   Next: 64%
Magic:  2/13       EV: 13    Int: 19    God:    Kikubaaqudgha [**....]
Gold:   176        SH:  0    Dex: 11    Spells: 2/14 levels left

rFire   . . .      SeeInvis .   m - +1 flail (vorpal)
rCold   . . .      Faith    .   (no shield)
rNeg    . . .      Spirit   .   a - +0 robe
rPois   +          Reflect  .   j - +1 hat
rElec   .          Harm     .   h - +1 cloak {rPois}
rCorr   .          Rampage  .   (no gloves)
Will    .....                   (no boots)
Stlth   ++........              (no amulet)
HPRegen 0.23/turn               i - +4 ring of protection
MPRegen 0.13/turn               (no ring)

@: unable to read
A: inability to read while threatened
a: Renounce Religion, Receive Corpses


You were on level 7 of the Dungeon.
You worshipped Kikubaaqudgha.
Kikubaaqudgha was pleased with you.
You visited 1 branch of the dungeon, and saw 7 of its levels.

You collected 293 gold pieces.
You spent 117 gold pieces at shops.

Inventory:

Hand Weapons
 c - a +1 short sword
 m - a +1 vorpal flail (weapon)
 n - a +0 triple sword
 u - a +4 dagger
Missiles
 g - 75 arrows
 l - 68 bolts
Armour
 a - a +0 robe (worn)
 d - a +0 scale mail
 e - a +0 leather armour
 h - a +1 cloak of poison resistance (worn)
 j - a +1 hat (worn)
 k - a +0 cloak
 o - +0 steam dragon scales
 p - a +0 plate armour
Magical Staves
 s - a staff of poison
 t - a staff of fire
Jewellery
 i - a +4 ring of protection (left hand)
Wands
 q - a wand of polymorph (11)
 r - a wand of paralysis (5)


   Skills:
 * Level 6.6 Fighting
 - Level 1.2(2.6) Short Blades
 - Level 4.0(4.1) Long Blades
 - Level 1.4 Maces & Flails
 + Level 4.6 Armour
 + Level 4.0 Dodging
 - Level 1.5 Stealth
 * Level 3.0 Spellcasting
 + Level 4.1 Conjurations
 + Level 1.1 Hexes
 + Level 3.4 Necromancy
 * Level 5.7 Fire Magic
 + Level 1.0 Air Magic
 + Level 1.0 Poison Magic
 + Level 0.7 Evocations


You had 2 spell levels left.
You knew the following spells:

 Your Spells              Type           Power      Damage    Failure   Level
a - Foxfire               Conj/Fire      84%        2x1d8     1%          1
b - Scorch                Fire           48%        2d7       2%          2
c - Conjure Flame         Conj/Fire      21%        6-21      6%          3
d - Animate Skeleton      Necr           32%        N/A       3%          1
e - Corpse Rot            Necr/Air       22%        N/A       9%          2
f - Inner Flame           Hex/Fire       16%        N/A       11%         3

Your spell library contained the following spells:

 Spells                   Type           Power      Damage    Failure   Level
 Sublimation of Blood     Necr           16%        N/A       5%          2
 Apportation              Tloc           4%         N/A       16%         1
 Summon Small Mammal      Summ           8%         N/A       16%         1
 Flame Wave               Conj/Fire      21%        2d7       21%         4
 Agony                    Necr           16%        N/A       71%         5


Dungeon Overview and Level Annotations

Branches:
Dungeon (7/15)             Temple (0/1) D:4

Altars:
Gozag
Hepliaklqana
Kikubaaqudgha
Okawaru
Sif Muna
Trog
Uskayaw
Wu Jian

Shops:
D:5 !


Innate Abilities, Weirdness & Mutations

You sometimes lose the ability to read scrolls when taking damage.


Message History

You hit the yak.
The yak is severely wounded.
The yak barely misses you.
You sock the yak!
The yak is almost dead.
The yak misses you.
You hit the yak.
The yak is almost dead.
You can read scrolls again.
The yak barely misses you.
The yak snorts and paws the ground.
The yak gores you.
* * * LOW HITPOINT WARNING * * *
You hit the yak.
You kill the yak!
Kikubaaqudgha accepts your kill. The yak gores you!
You feel threatened and lose the ability to read scrolls!
* * * LOW HITPOINT WARNING * * *
The yak is attracted toward you.
You feel less attractive to monsters.
Your Dodging skill increases to level 4!
Your Air Magic skill increases to level 1!
Your Poison Magic skill increases to level 1!
You are too injured to fight recklessly!
Found 17 gold pieces.
You can read scrolls again.
Found a hunting sling.
Casting: Scorch (safe; 2% risk of failure)
Confirm with . or Enter, or press ? or * to list all spells.
Okay, then.
You are too injured to fight recklessly!
Casting: Scorch (safe; 2% risk of failure)
Press: ? - help, Q - select action, (/) - cycle Dir - look around, f - activate Flames lash the yak.
The yak is heavily wounded.
The yak's fire resistance burns away.
The yak gores you!
You feel threatened and lose the ability to read scrolls!
You die...
Kikubaaqudgha rasps: "You have failed me!
Welcome... death!"

#########
#####...$.... .
#........#####.# ..
#.#.Y..........#..
#..#..##.####... #
##.###.##Y####.#....
#Y## ##...YY@.......
##†###.##.####.#...#
#YY#. .).# # #
#.#.§##..#
#.#..##..#
#.#§.##..# #.####
#.#§.##..# ......
#.#Y.##.. ######
#...Y.


You could see 3 yaks.

Vanquished Creatures
  2 yaks (D:7)
  2 steam dragons
  2 water moccasins (D:6)
  5 sky beasts (D:6)
  An ice beast (D:3)
  A necrophage (D:7)
  2 ogres
  Blork the orc (D:4)
  3 scorpions
  3 wights (D:6)
  A howler monkey (D:3)
  An electric eel (D:7)
  A centaur zombie (D:6)
  3 centaur skeletons
  A hound (D:4)
  A jelly (D:6)
  2 bullfrog skeletons
  2 orc priests (D:5)
  3 iguanas (D:6)
  Natasha (thrice) (D:2)
  3 orc wizards
  A scorpion zombie (D:5)
  2 gnolls (D:7)
  2 adders (D:2)
  2 worms (D:2)
  A dart slug (D:1)
  10 orcs
  3 bats
  11 endoplasms
  5 giant cockroaches
  13 goblins
  9 hobgoblins
  5 jackals
  10 kobolds
  5 quokkas
  6 ball pythons
  2 frilled lizards
  6 rats
136 creatures vanquished.

Vanquished Creatures (collateral kills)
  2 orcs (D:4)
  A giant cockroach (D:1)
  A rat (D:1)
  A foxfire (D:2)
5 creatures vanquished.

Vanquished Creatures (others)
  278 foxfires
278 creatures vanquished.

Grand Total: 419 creatures vanquished

Notes
Turn   | Place    | Note
-------+----------+-------------------------------------------
     0 | D:1      | tkbsonic5 the Hill Orc Fire Elementalist began the quest
                  | for the Orb.
     0 | D:1      | Reached XP level 1. HP: 14/14 MP: 3/3
   259 | D:1      | Reached XP level 2. HP: 22/22 MP: 1/4
   262 | D:1      | Learned a level 2 spell: Scorch
   364 | D:1      | Reached skill level 1 in Fighting
   741 | D:1      | Reached skill level 1 in Armour
   780 | D:1      | Reached XP level 3. HP: 28/28 MP: 2/5
  1578 | D:2      | Reached XP level 4. HP: 27/36 MP: 0/6
  1701 | D:2      | Learned a level 3 spell: Conjure Flame
  1722 | D:2      | Found a faded altar of an unknown god.
  1785 | D:2      | Prayed at the altar of an unknown god.
  1785 | D:2      | Became a worshipper of Kikubaaqudgha
  1785 | D:2      | Reached * piety under Kikubaaqudgha
  1785 | D:2      | Received a gift from Kikubaaqudgha
  1881 | D:2      | Learned a level 1 spell: Animate Skeleton
  2270 | D:2      | Noticed Natasha
  2274 | D:2      | Killed Natasha
  2370 | D:2      | Reached skill level 2 in Fighting
  2522 | D:2      | Noticed Natasha
  2548 | D:2      | Killed Natasha
  2549 | D:2      | Reached XP level 5. HP: 31/41 MP: 3/8
  2776 | D:2      | Noticed Natasha
  2788 | D:2      | Killed Natasha
  2789 | D:2      | Reached skill level 1 in Necromancy
  3132 | D:3      | Noticed an ice beast
  3156 | D:3      | Killed an ice beast
  3157 | D:3      | Reached skill level 1 in Short Blades
  3157 | D:3      | Reached XP level 6. HP: 39/50 MP: 2/9
  3411 | D:3      | Reached skill level 3 in Fighting
  3770 | D:3      | Found a hide-covered altar of Uskayaw.
  3985 | D:3      | Found an opulent altar of Gozag.
  4440 | D:4      | Reached ** piety under Kikubaaqudgha
  4601 | D:4      | Reached XP level 7. HP: 25/57 MP: 1/10
  4765 | D:4      | Found a staircase to the Ecumenical Temple.
  4769 | D:4      | Learned a level 2 spell: Corpse Rot
  4926 | D:4      | Noticed Blork the orc
  4936 | D:4      | Killed Blork the orc
  4987 | D:4      | Found a shimmering blue altar of Sif Muna.
  5259 | D:4      | Found an ornate altar of the Wu Jian Council.
  5337 | D:4      | Noticed a steam dragon
  5355 | D:4      | Killed a steam dragon
  5356 | D:4      | Reached skill level 5 in Fire Magic
  5784 | D:4      | Reached skill level 1 in Maces & Flails
  5868 | D:5      | Entered Level 5 of the Dungeon
  5948 | D:5      | Found Xeur's Distillery.
  5957 | D:5      | Bought a potion of curing for 39 gold pieces
  5957 | D:5      | Bought a potion of curing for 39 gold pieces
  5957 | D:5      | Bought a potion of curing for 39 gold pieces
  6402 | D:5      | Reached XP level 8. HP: 66/66 MP: 2/11
  6507 | D:5      | Gained mutation: You sometimes lose the ability to read
                  | scrolls when taking damage. [potion of mutation]
  6693 | D:5      | Reached skill level 4 in Fighting
  6693 | D:5      | Reached skill level 1 in Long Blades
  6933 | D:5      | Learned a level 3 spell: Inner Flame
  6942 | D:5      | Found a hazy altar of Hepliaklqana.
  7595 | D:6      | Reached skill level 5 in Fighting
  7885 | D:6      | Found a bloodstained altar of Trog.
  8030 | D:6      | Reached XP level 9. HP: 75/75 MP: 3/12
  8152 | D:6      | Reached skill level 6 in Fighting
  9219 | D:7      | Found an iron altar of Okawaru.
  9475 | D:7      | Noticed a kobold demonologist
  9494 | D:7      | Reached skill level 1 in Hexes
  9513 | D:7      | Reached skill level 1 in Air Magic
  9513 | D:7      | Reached skill level 1 in Poison Magic
  9525 | D:7      | Slain by a yak

Illustrated notes

Levels and vault maps discovered:
D:1:      pf_arrival_petrified_forest, layout_loops_ring, hangedman_decor_push
D:2:      layout_basic, serial_rivers, chequers_serial_rivers_micro_c,
          chequers_serial_rivers_micro_a, chequers_serial_rivers_small_3,
          chequers_serial_rivers_large_a, chequers_serial_rivers_room_b,
          chequers_serial_rivers_micro_b, shapermc_ecumenical_altar_ellora,
          grunt_ministairs_14, serial_bayou_pond_a, uniq_natasha
D:3:      layout_basic, mainiacjoe_overflow_chevrons,
          mainiacjoe_overflow_tiny_flanked
D:4:      layout_basic, mainiacjoe_overflow_cross_hatched,
          nzn_wu_jian_contemplation, minmay_temple_entry_stoned_glass,
          uniq_blork_the_orc
D:5:      layout_rooms, lemuel_crystal_altar, serial_shops, shop,
          minmay_ogre_servants
D:6:      layout_basic, kennysheep_mini_moat
D:7:      layout_loops_ring, okawaru_altar_gauntlet_db, fountainhead

Skill      XL: |  1  2  3  4  5  6  7  8  9 |
---------------+----------------------------+-----
Fighting       | 1 2 3 5 6 |  6.6
Armour         | 1 2 3 4 |  4.6
Spellcasting   | 2 3 |  3.0
Conjurations   | 2 3 4 |  4.1
Fire Magic     | 4 5 |  5.7
Necromancy     | 1 2 3 |  3.4
Short Blades   | 1 |  1.2
Dodging        | 2 3 4 |  4.0
Maces & Flails | 1 |  1.4
Long Blades    | 3 4 |  4.0
Hexes          | 1 |  1.1
Air Magic      | 1 |  1.0
Poison Magic   | 1 |  1.0
Stealth        | |  1.5
Evocations     | |  0.7

Action                   |  1- 3 |  4- 6 |  7- 9 || total
-------------------------+-------+-------+-------++-------
Melee: Unarmed           |    13 |       |       ||    13
       Short sword       |    26 |    56 |     4 ||    86
       Punch             |     1 |     1 |       ||     2
       Flail             |       |       |    84 ||    84
       Triple sword      |       |       |    23 ||    23
       Staff             |       |       |     3 ||     3
 Cast: Foxfire           |    55 |    64 |    87 ||   206
       Scorch            |     8 |    36 |    71 ||   115
       Animate Skeleton  |       |     3 |    11 ||    14
       Conjure Flame     |       |     1 |     4 ||     5
       Inner Flame       |       |       |     2 ||     2
Invok: Receive Corpses   |       |       |     3 ||     3
Evoke: Wand              |       |       |     6 ||     6
  Use: Potion            |     2 |     3 |    15 ||    20
       Scroll            |     2 |     8 |    11 ||    21
 Stab: Distracted        |     1 |       |       ||     1
       Sleeping          |       |     2 |       ||     2
Armor: Robe              |     6 |       |    39 ||    45
       Leather armour    |     2 |    19 |     3 ||    24
       Steam dragon scal |       |       |    13 ||    13
       Plate armour      |       |       |    12 ||    12
Dodge: Dodged            |    33 |    33 |    94 ||   160
